 Dungeon Crawl Stone Soup version 0.29-a0-885-gb26ba3297d (webtiles) character file.

Game seed: 3347545419727494324

25 kevlar127 the Ruffian (level 2, -17/29 HPs)
             Began as a Troll Berserker on July 21, 2022.
             Was a Follower of Trog.
             Engulfed by a cloud of flame (25 damage)
             ... on level 1 of the Dungeon.
             The game lasted 00:01:59 (753 turns).

kevlar127 the Ruffian (Troll Berserker)              Turns: 753, Time: 00:01:59

Health: -17/29     AC:  4    Str: 24    XL:     2   Next: 86%
Magic:  1/1        EV: 14    Int:  3    God:    Trog [*.....]
Gold:   36         SH:  0    Dex:  9    Spells: 1/1 levels left

rFire   . . .      SeeInvis .     - Unarmed
rCold   . . .      Faith    .   (no shield)
rNeg    . . .      Spirit   .   a - +0 animal skin
rPois   .          Reflect  .   (helmet restricted)
rElec   .          Harm     .   (no cloak)
rCorr   .          Rampage  .   (gloves unavailable)
Will    .....                   (boots unavailable)
Stlth   +.........              (no amulet)
HPRegen 0.89/turn               b - +4 ring of evasion
MPRegen 0.07/turn               (no ring)

@: no status effects
A: large, unfitting armour, claws 3, regeneration 1, shaggy fur 1, tough skin 1
a: Renounce Religion, Berserk


You were on level 1 of the Dungeon.
You worshipped Trog.
Trog was aware of your devotion.
You visited 1 branch of the dungeon, and saw 1 of its levels.

You collected 36 gold pieces.

Inventory:

Missiles
 i - 2 stones (quivered)
Armour
 a - a +0 animal skin (worn)
Jewellery
 b - a +4 ring of evasion (left claw)
Scrolls
 c - a scroll of teleportation {unknown}
 d - 2 scrolls of identify {unknown}
 g - a scroll of butterflies {unknown}
Potions
 e - a potion of heal wounds {unknown}
 f - a potion of brilliance {unknown}
 h - 2 potions of curing {unknown}


   Skills:
 + Level 2.7 Fighting
 + Level 2.8 Dodging
 + Level 3.4 Unarmed Combat


You had one spell level left.
You didn't know any spells.
Your spell library was empty.

Dungeon Overview and Level Annotations

Branches:
Dungeon (1/15)

Altars:


Innate Abilities, Weirdness & Mutations

You are too large for most types of armour.
You have claws for hands.
Your natural rate of healing is unusually fast.
You are covered in fur. (AC +1)
You have tough skin. (AC +1)


Message History

Key pressed, stopping explore.
Partly explored, can't reach some items and places.
Partly explored, can't reach some items and places.
Partly explored, can't reach some items and places.
Partly explored, can't reach some items and places.
Partly explored, can't reach some items and places.
Partly explored, can't reach some items and places.
No target in view!
No target in view!
No target in view!
No target in view!
No target in view!
No target in view!
No target in view!
No target in view!
No target in view!
No target in view!
No target in view!
No target in view!
No target in view!
No target in view!
No target in view!
No target in view!
No target in view!
Partly explored, can't reach some items and places.
Partly explored, can't reach some items and places.
b - a +4 ring of evasion (left claw)
Okay, then.
Really walk into a travel-excluded area?
Uppercase [Y]es or [N]o only, please.
Really walk into a travel-excluded area?
Really walk into that cloud of flame? [Y]es or [N]o only, please.
Really walk into that cloud of flame?
You are engulfed in blazing flames.
Ouch! That really hurt!
* * * LOW HITPOINT WARNING * * *
You are engulfed in blazing flames.
Ouch! That really hurt!
You die...

########## #........##
#.#####...# #.# #§§○# #.#
#☼@☼# #.# #§§§#
#########.#####...#####
#..........○☼§.)?[.§☼○.##
#..........§○§.$?$.☼§§..#
#..........§§..[...§§...#
#.........#####...#####.#
#.........# #.§.# #.#
#.........# #°§§# #.#


There were no monsters in sight!

Vanquished Creatures
  A dart slug (D:1)
  2 bats (D:1)
  An endoplasm (D:1)
  A giant cockroach (D:1)
  A goblin (D:1)
  3 hobgoblins (D:1)
  5 jackals (D:1)
  3 ball pythons (D:1)
  A frilled lizard (D:1)
  2 kobolds (D:1)
20 creatures vanquished.

Notes
Turn   | Place    | Note
-------+----------+-------------------------------------------
     0 | D:1      | kevlar127 the Troll Berserker began the quest for the Orb.
     0 | D:1      | Reached XP level 1. HP: 22/22 MP: 0/0
   164 | D:1      | Reached XP level 2. HP: 29/29 MP: 1/1
   753 | D:1      | Engulfed by a cloud of flame

Illustrated notes

Levels and vault maps discovered:
D:1:      amcnicky_arrival_abandoned_market, layout_rooms,
          grunt_decor_arrowhead, lemuel_flame_loot_1

Action                   || total
-------------------------++-------
Melee: Unarmed           ||    50
       Punch             ||     1
Armor: Animal skin       ||    18
Dodge: Dodged            ||    29

Table legend: (Time is in decaauts)
 A = Elapsed time spent in this place.
 B = Non-inter-level travel time spent in this place.
 C = Inter-level travel time spent in this place.
 D = Time resting spent in this place.
 E = Time spent auto-exploring this place.
 F = Levels seen in this place.
 G = Mean time per level.
                   A        B        C        D        E       F      G
               +--------+--------+--------+--------+--------+-----+--------+
         Total |    749 |    749 |      0 |    216 |    414 |   1 |  749.0 |
       Dungeon |    749 |    749 |      0 |    216 |    414 |   1 |  749.0 |
               +--------+--------+--------+--------+--------+-----+--------+

Top non-repeatable levels by time:
     D:1: 749 daAuts
